AoeStats
← SimonPP95

Oasis

510157533Analyzed
4v4 RM · 3d ago on Sep 29, 2026· 57m 27s· 8 players
Game mode
Random Map
Map size
Large (8 player)
Population
200
Speed
Normal
Resources
Standard
Victory
Conquest
Starting age
Dark Age
Ending age
Imperial Age
RankedLock teamsTeams togetherTeam positionsShared explorationLock speedFull tech treeHidden civsTurbo modeCheats
Victory
Defeat
🇩🇪 Bulgarians · Germany
833
+16
🇩🇪 Romans · Germany
833
+16
🇧🇪 Celts · Belgium
822
+16
🇨🇱 Teutons · Chile
809
+17
🇨🇿 Teutons · Czechia
912
-21
🇨🇿 Byzantines · Czechia
821
-16
🇨🇿 Gurjaras · Czechia
810
-15
🇨🇿 Ethiopians · Czechia
756
-13
Dremora
6:07 Loom
12:02 Feudal Age
14:47 Horse Collar
14:54 Double-Bit Axe
22:57 Castle Age
22:25 Gold Mining
23:53 Fletching
24:36 Heavy Plow
26:59 Bodkin Arrow
28:41 Caravan
29:20 Bow Saw
30:14 Forging
30:01 Crossbowman
31:38 Wheelbarrow
32:54 Hand Cart
32:25 Town Watch
34:09 Fortified Wall
34:20 Ballistics
35:38 Masonry
39:00 Imperial Age
37:11 Stone Mining
38:59 Squires
38:45 Arson
41:06 Chemistry
41:19 Two-Man Saw
41:35 Iron Casting
40:51 Elite Teutonic Knight
42:07 Hoardings
41:52 Conscription
43:15 Town Patrol
44:15 Cavalier
45:06 Bloodlines
46:37 Paladin
52:55 Gambesons
Matec
11:34 Feudal Age
13:32 Double-Bit Axe
16:16 Castle Age
16:56 Wheelbarrow
21:10 Loom
21:10 Horse Collar
25:30 Caravan
28:24 Heavy Plow
32:21 Bow Saw
32:04 Gold Mining
32:05 Stone Mining
32:33 Hand Cart
32:04 Town Watch
34:29 Gold Shaft Mining
36:26 Imperial Age
33:58 Town Patrol
35:15 Ballistics
35:55 Ballistas
35:27 Pikeman
37:38 Comitatenses
36:39 Elite Centurion
37:40 Conscription
36:47 Heavy Scorpion
39:16 Halberdier
39:18 Man-at-Arms
40:35 Capped Ram
40:50 Long Swordsman
42:42 Siege Ram
44:34 Legionary
46:22 Chemistry
45:28 Siege Engineers
45:39 Forging
45:30 Scale Mail Armor
45:36 Scale Barding Armor
58:23 Crop Rotation
58:35 Iron Casting
58:16 Chain Mail Armor
58:21 Chain Barding Armor
Lulz
4:40 Loom
11:44 Feudal Age
17:41 Castle Age
20:18 Double-Bit Axe
23:48 Bow Saw
24:31 Wheelbarrow
29:58 Horse Collar
32:16 Husbandry
32:30 Bloodlines
32:31 Heavy Plow
32:50 Hand Cart
33:01 Scale Barding Armor
33:07 Forging
34:37 Town Watch
36:26 Chain Barding Armor
36:41 Iron Casting
37:09 Murder Holes
37:36 Ballistics
37:28 Masonry
37:48 Stirrups
40:58 Imperial Age
38:28 Light Cavalry
40:06 Town Patrol
40:12 Gold Mining
41:18 Iron Casting
40:55 Caravan
43:07 Chemistry
41:36 Cavalier
42:18 Onager
42:23 Capped Ram
43:45 Hussar
44:03 Onager
45:12 Siege Ram
47:18 Conscription
48:04 Crop Rotation
58:29 Gold Shaft Mining
SimonPP95
0:30 Loom
11:16 Feudal Age
11:55 Horse Collar
12:02 Double-Bit Axe
12:56 Wheelbarrow
17:57 Castle Age
18:49 Bow Saw
19:23 Heavy Plow
22:18 Hand Cart
24:34 Forging
29:20 Scale Mail Armor
32:51 Imperial Age
31:30 Ballistics
32:09 Caravan
32:15 Gold Mining
33:02 Heavy Scorpion
33:05 Pikeman
34:10 Conscription
33:11 Elite Woad Raider
34:59 Coinage
34:50 Chain Mail Armor
34:23 Capped Ram
36:36 Halberdier
42:15 Siege Ram
45:03 Onager
48:03 Plate Mail Armor
48:09 Iron Casting
48:52 Stronghold
49:13 Furor Celtica
54:19 Arson
56:52 Town Watch
58:12 Chemistry
57:43 Banking
57:24 Guilds
58:07 Town Patrol
Dino
0:33 Loom
13:10 Feudal Age
13:59 Double-Bit Axe
14:56 Wheelbarrow
20:26 Castle Age
22:22 Bow Saw
23:24 Town Watch
30:48 Horse Collar
31:06 Gold Mining
31:13 Stone Mining
32:20 Fervor
34:03 Heavy Plow
34:42 Gold Shaft Mining
34:47 Stone Shaft Mining
36:24 Hand Cart
36:09 Town Patrol
39:18 Treadmill Crane
39:59 Ballistics
42:21 Imperial Age
44:36 Conscription
44:55 Hoardings
44:44 Frontier Guards
43:48 Elite Chakram Thrower
44:37 Kshatriyas
45:39 Chemistry
44:55 Forging
44:52 Scale Barding Armor
45:50 Crop Rotation
45:19 Fletching
45:49 Husbandry
46:00 Bloodlines
45:12 Light Cavalry
46:54 Heavy Camel Rider
50:59 Iron Casting
50:45 Chain Barding Armor
50:06 Elite Shrivamsha Rider
51:09 Bodkin Arrow
51:29 Masonry
52:06 Hussar
Neon
3:23 Loom
12:23 Feudal Age
18:43 Castle Age
17:53 Horse Collar
18:03 Double-Bit Axe
23:44 Bow Saw
25:49 Gold Mining
25:50 Stone Mining
30:30 Wheelbarrow
32:27 Hand Cart
37:15 Imperial Age
35:08 Man-at-Arms
35:14 Crossbowman
35:15 Elite Skirmisher
36:01 Thumb Ring
36:43 Gold Shaft Mining
36:43 Stone Shaft Mining
36:23 Heavy Plow
36:39 Forging
36:31 Padded Archer Armor
36:39 Long Swordsman
37:20 Squires
37:49 Heavy Scorpion
38:46 Caravan
39:17 Coinage
41:19 Heated Shot
42:30 Chemistry
41:51 Ballistics
43:20 Arbalester
Mitchiss
11:13 Feudal Age
9:48 Loom
16:32 Castle Age
15:13 Double-Bit Axe
15:26 Horse Collar
24:30 Gold Mining
33:27 Imperial Age
31:33 Wheelbarrow
31:03 Town Watch
31:32 Scale Mail Armor
32:15 Forging
32:59 Chain Mail Armor
32:40 Fletching
32:51 Padded Archer Armor
32:44 Pikeman
33:25 Squires
33:46 Fortified Wall
35:04 Plate Mail Armor
35:10 Iron Casting
34:08 Halberdier
37:12 Conscription
37:17 Crenellations
37:20 Conscription
39:06 Chemistry
38:27 Ballistics
40:11 Blast Furnace
39:17 Scale Barding Armor
39:22 Bodkin Arrow
39:42 Leather Archer Armor
44:46 Hand Cart
45:25 Cavalier
46:16 Bloodlines
51:15 Scale Barding Armor
ChaMorMinDu
11:29 Feudal Age
17:49 Castle Age
16:43 Double-Bit Axe
20:57 Bow Saw
22:23 Horse Collar
24:42 Caravan
25:29 Wheelbarrow
24:41 Loom
26:12 Heavy Plow
27:19 Hand Cart
28:54 Forging
28:45 Scale Mail Armor
28:50 Scale Barding Armor
28:35 Fletching
28:45 Padded Archer Armor
29:49 Stone Mining
29:53 Gold Mining
32:00 Gold Shaft Mining
32:07 Stone Shaft Mining
36:51 Imperial Age
35:31 Ballistics
35:22 Fortified Wall
35:08 Murder Holes
34:53 Treadmill Crane
34:59 Pikeman
35:39 Squires
35:25 Arson
37:53 Bodkin Arrow
38:13 Leather Archer Armor
38:19 Chain Barding Armor
38:14 Chain Mail Armor
38:35 Iron Casting
39:03 Chemistry
39:07 Two-Man Saw
38:54 Crop Rotation
37:51 Halberdier
39:21 Elite Cataphract
45:32 Logistica
45:42 Onager
50:30 Coinage
50:10 Guilds
Connection lost

Rejoining the realm…

Still unreachable

The connection could not be restored.

Session expired

The server has moved on; the page needs a fresh start.